 Seeded DCSS version 0.29-a0-997-gf6f7e2dfe7 (webtiles) character file.

Game seed: 20220805 (custom seed)

443 purpskrrrp the Shooter (level 6, -1/40 (44) HPs)
             Began as a Demonspawn Hunter on Aug 5, 2022.
             Slain by Edmund
             ... wielding a +4 flail of pain
              (5 damage)
             ... on level 4 of the Dungeon.
             The game lasted 00:13:24 (3587 turns).

purpskrrrp the Shooter (Demonspawn Hunter)          Turns: 3587, Time: 00:13:25

HP:   -1/40 (44)    AC:  8    Str: 12    XL:     6   Next: 71%
MP:   6/6           EV: 12    Int: 10    God:
Gold: 145           SH:  0    Dex: 18    Spells: 5/5 levels left

rFire   . . .      SeeInvis .   a - +2 shortbow
rCold   . . .      Faith    .   (shield currently unavailable)
rNeg    + . .      Spirit   .   n - +1 robe {rN+}
rPois   .          Reflect  .   (no helmet)
rElec   .          Harm     .   p - scarf {+Inv}
rCorr   .          Rampage  .   t - +2 pair of gloves
Will    .....                   (no boots)
Stlth   ++........              (no amulet)
HPRegen 0.13/turn               (no ring)
MPRegen 0.10/turn               (no ring)

@: about to teleport, very slightly contaminated, drained
A: icy blue scales 1, powered by death 1, demonic touch 1
a: Evoke Invisibility


You were on level 4 of the Dungeon.
You visited 1 branch of the dungeon, and saw 4 of its levels.

You collected 145 gold pieces.

Inventory:

Hand Weapons
 a - a +2 shortbow (weapon)
Armour
 d - an orb of mayhem
 n - a +1 robe of positive energy (worn)
 p - a scarf of invisibility (worn)
 t - a +2 pair of gloves (worn)
Wands
 o - a wand of mindburst (7) (quivered)
Scrolls
 e - a scroll of teleportation
 l - a scroll of blinking {unknown}
Potions
 c - 2 potions of curing
 f - 2 potions of ambrosia
 g - a potion of magic
 i - a potion of berserk rage {unknown}
 j - 2 potions of might
 q - a potion of mutation {unknown}
 s - 2 potions of flight


   Skills:
 - Level 2.0 Fighting
 + Level 7.4 Ranged Weapons
 - Level 1.8 Dodging
 - Level 0.8 Stealth


You had 5 spell levels left.
You didn't know any spells.
Your spell library contained the following spells:

 Spells                   Type           Power      Damage    Failure   Level
 Ensorcelled Hibernation  Hex/Ice        0%         N/A       50%         2
 Ozocubu's Armour         Ice            0%         N/A       75%         3
 Fulminant Prism          Conj/Hex       0%         3d6       98%         4
 Hailstorm                Conj/Ice       0%         3d3       98%         4
 Ozocubu's Refrigeration  Ice            0%         4d7       100%        7


Dungeon Overview and Level Annotations

Branches:
Dungeon (4/15)
 Temple: D:4-7

Altars:
Sif Muna
Yredelemnul

Annotations:
D:4 Edmund, Sigmund


Innate Abilities, Weirdness & Mutations

You are partially covered in icy blue scales. (AC +2)
You regenerate a little health from kills.
Your touch may inflict minor irresistible damage on your foes.


Message History

Edmund is severely wounded.
You flicker back into view.
Edmund completely misses you. Sigmund barely misses you.
You shoot an arrow.
The arrow hits Edmund but does no damage.
Edmund is severely wounded.
Edmund misses you.
Fire: a) +2 shortbow
Press: ? - help, Shift-Dir - straight line, p - Edmund You can't see that place. [the floor.]
You can't see that place.
Fire: a) +2 shortbow
Press: ? - help, Shift-Dir - straight line, f - Edmund
Aim: Edmund, wielding a +4 flail of pain and wearing a +0 scale mail (severely wounded, 70% to hit)
You shoot an arrow. The arrow barely misses Edmund.
Sigmund hits you from afar with a +0 scythe!
Edmund hits you with a +4 flail of pain!
* * * LOW HITPOINT WARNING * * *
Edmund completely misses you.
Fire: a) +2 shortbow
Press: ? - help, Shift-Dir - straight line, f/p - Edmund
Aim: Edmund, wielding a +4 flail of pain and wearing a +0 scale mail (severely wounded, 70% to hit)
You shoot an arrow. The arrow closely misses Edmund.
Sigmund gestures at you while chanting. The magic dart hits you.
* * * LOW HITPOINT WARNING * * *
Edmund drinks a potion.
Edmund is healed!
The air fills with toxic fumes!
As you read the scroll labelled UNAUFUM ARUP, it crumbles to dust.
It was a scroll of poison.
Sigmund zaps a wand.
The bolt of dispelling energy misses you.
Edmund barely misses you.
As you read the scroll of teleportation, it crumbles to dust.
You feel strangely unstable.
Sigmund points at you and mumbles some strange words.
The magic dart hits you.
* * * LOW HITPOINT WARNING * * *
Edmund hits you with a +4 flail of pain.
You die...

.>...###... §§
.........## #§
########.# #§ #.#
#§ ########.# #§
######§.......# #§
#.§§§§§########
##§##§§§§§§#
#§§@@§###..####
####@###§###.....##
..§§.....§§.......#
######..#########.#
)...........@.. #
#...........#S.
.........#[##
..######.### . ..


You could see Edmund and Sigmund (inner flame).

Vanquished Creatures
  A water moccasin (D:4)
  A phantom (D:4)
  A scorpion (D:4)
  An orc priest (D:4)
  Jessica (D:3)
  An orc wizard (D:4)
  4 adders
  3 worms
  4 dart slugs
  An orc (D:4)
  7 endoplasms
  4 giant cockroaches
  5 goblins
  4 hobgoblins
  6 jackals (D:2)
  6 kobolds
  2 quokkas
  14 ball pythons
  5 bats
  2 frilled lizards
  10 rats
83 creatures vanquished.

Vanquished Creatures (others)
  2 plants (D:4)
2 creatures vanquished.

Grand Total: 85 creatures vanquished

Notes
Turn   | Place    | Note
-------+----------+-------------------------------------------
     0 | D:1      | purpskrrrp the Demonspawn Hunter began the quest for the
                  | Orb.
     0 | D:1      | Reached XP level 1. HP: 16/16 MP: 1/1
   160 | D:1      | Reached skill level 4 in Ranged Weapons
   160 | D:1      | Gained mutation: You are partially covered in icy blue
                  | scales. (AC +2) [demonic ancestry]
   160 | D:1      | Reached XP level 2. HP: 22/22 MP: 2/2
   586 | D:1      | Reached XP level 3. HP: 27/27 MP: 3/3
  1767 | D:3      | Reached skill level 5 in Ranged Weapons
  1771 | D:3      | Noticed Jessica
  1783 | D:3      | Killed Jessica
  1784 | D:3      | Gained mutation: Your touch may inflict minor irresistible
                  | damage on your foes. [demonic ancestry]
  1784 | D:3      | Reached XP level 4. HP: 21/33 MP: 4/4
  1919 | D:3      | Found a faded altar of an unknown god.
  2660 | D:4      | Found a basalt altar of Yredelemnul.
  2673 | D:4      | Found a shimmering blue altar of Sif Muna.
  2737 | D:4      | Reached XP level 5. HP: 38/38 MP: 5/5
  2737 | D:4      | Noticed a water moccasin
  2777 | D:4      | Reached skill level 6 in Ranged Weapons
  2780 | D:4      | Got the Almanac of the Forgotten Spirits
  2848 | D:4      | Noticed a phantom
  2865 | D:4      | Killed a phantom
  3069 | D:4      | Gained mutation: You regenerate a little health from kills.
                  | [demonic ancestry]
  3069 | D:4      | Reached XP level 6. HP: 27/44 MP: 6/6
  3247 | D:4      | Killed a water moccasin
  3248 | D:4      | Reached skill level 7 in Ranged Weapons
  3565 | D:4      | Noticed Sigmund
  3567 | D:4      | Noticed a water moccasin
  3569 | D:4      | Noticed Edmund
  3587 | D:4      | Slain by Edmund

Illustrated notes

Levels and vault maps discovered:
D:1:      evilmike_arrival_fibonacci_small, layout_basic,
          minmay_indecisive_spiral
D:2:      layout_basic
D:3:      layout_basic, hellmonk_ecumenical_altar_heavens_door,
          minmay_misc_feat_chi, uniq_jessica
D:4:      layout_loops_cross, nicolae_overflow_hallway_of_the_gods,
          sigmund_edmund_badplayer

Skill      XL: |  1  2  3  4  5  6 |
---------------+-------------------+-----
Ranged Weapons | 4 5 6 7 |  7.4
Fighting       | |  2.0
Dodging        | |  1.8
Stealth        | |  0.8

Action                   |  1- 3 |  4- 6 || total
-------------------------+-------+-------++-------
 Fire: Shortbow          |   128 |   135 ||   263
 Abil: Evoke Invisibilit |       |     2 ||     2
Evoke: Wand              |       |     5 ||     5
  Use: Scroll            |       |    16 ||    16
       Potion            |       |     2 ||     2
Armor: Leather armour    |    14 |       ||    14
       Robe              |     3 |    18 ||    21
Dodge: Dodged            |    35 |    52 ||    87

Table legend: (Time is in decaauts)
 A = Elapsed time spent in this place.
 B = Non-inter-level travel time spent in this place.
 C = Inter-level travel time spent in this place.
 D = Time resting spent in this place.
 E = Time spent auto-exploring this place.
 F = Levels seen in this place.
 G = Mean time per level.
                   A        B        C        D        E       F      G
               +--------+--------+--------+--------+--------+-----+--------+
         Total |   3635 |   3527 |    108 |    489 |   2338 |   4 |  908.8 |
       Dungeon |   3635 |   3527 |    108 |    489 |   2338 |   4 |  908.8 |
               +--------+--------+--------+--------+--------+-----+--------+

Top non-repeatable levels by time:
     D:3: 980 daAuts
     D:2: 941 daAuts
     D:4: 927 daAuts
     D:1: 786 daAuts
